 Dungeon Crawl Stone Soup version 0.16-a0-4099-g0be755f (console) character file.

1654 fcrawl the Basher (level 9, 7/55 HPs)
             Began as a Gargoyle Berserker on Feb 25, 2015.
             Was a Priest of Trog.
             Quit the game on level 6 of the Dungeon.
             The game lasted 00:12:26 (5309 turns).

fcrawl the Basher (Gargoyle Berserker)              Turns: 5309, Time: 00:12:26

Health: 7/55       AC: 14    Str: 24    XL:     9   Next: 0%
Magic:  9/9        EV: 11    Int:  8    God:    Trog [***...]
Gold:   284        SH:  0    Dex:  9    Spells: 0 memorised, 8 levels left

rFire  . . .     SeeInvis .     a - +0 mace
rCold  . . .     Clarity  .     e - +0 ring mail (curse)
rNeg   + . .     SustAb   .     (no shield)
rPois  ∞         Gourm    .     (no helmet)
rElec  +         Spirit   .     (no cloak)
rCorr  .         Warding  .     b - +0 pair of gloves
rMut   .         Rnd*Tele +     h - +0 pair of boots
MR     .....                    (no amulet)
Stlth  ..........               (no ring)
                                d - ring of teleportation (curse)

@: not resistant to hostile enchantments, extremely unstealthy
A: negative energy resistance 1, electricity resistance, unbreathing,
petrification resistance, rot immunity, AC +5
a: Burn Spellbooks, Berserk, Trog's Hand, Renounce Religion, Evoke Teleportation


You were on level 6 of the Dungeon.
You worshipped Trog.
Trog was most pleased with you.
You were very hungry.

You visited 1 branch of the dungeon, and saw 6 of its levels.
You also visited: Ossuary.

You collected 284 gold pieces.

Inventory:

Hand weapons
 a - a +0 mace (weapon)
Armour
 b - a +0 pair of gloves (worn)
 e - a cursed +0 ring mail (worn)
 h - a +0 pair of boots (worn)
 k - a +0 plate armour
Jewellery
 d - a cursed ring of teleportation (left hand)
 g - a cursed amulet of resist mutation {unknown}
Magical devices
 f - a wand of flame (22)
 j - a wand of disintegration (8)
Comestibles
 c - 6 bread rations
 i - a slice of pizza


   Skills:
 + Level 6.1 Fighting
 + Level 9.3 Maces & Flails
 + Level 5.5 Armour
 - Level 1.5 Dodging


You had 8 spell levels left.
You didn't know any spells.

Dungeon Overview and Level Annotations

Branches:
Dungeon (6/15)             Temple (0/1) D:4

Altars:
Fedhas
Makhleb
Qazlal
Ru
Vehumet
Yredelemnul

Shops:
D:4 :


Innate Abilities, Weirdness & Mutations

You are resistant to torment.
You are immune to poison.
Your stone body is very resilient (AC +5).
You resist negative energy.
You are resistant to electric shocks.
You can survive without breathing.
You are immune to petrification.
You are immune to rotting.


Message History

The orc warrior is severely wounded.
The orc warrior barely misses you.
You closely miss the orc warrior.
The orc warrior is severely wounded.
The orc warrior misses you.
You hit the orc warrior but do no damage.
The orc warrior is severely wounded.
You hit the orc warrior.
The orc warrior is severely wounded.
The orc warrior hits you with an enchanted flail!!
* * * LOW HITPOINT WARNING * * *
Huge Dmg: -35%(-19hp) hp: 15%(8hp)
You closely miss the orc warrior.
The orc warrior is severely wounded.
The orc warrior hits you with an enchanted flail.
* * * LOW HITPOINT WARNING * * *
Damage: -2%(-1hp) hp: 13%(7hp)
You aren't carrying any potions.
Unknown command.
Are you sure you want to abandon this character and quit the game? (Confirm with "yes".)

#####
#...#####
#@#.....#
#o#..##.#
#{#...#.###
#o#...#...#
..#.<..##.#
###.#.....#
####.####
..# ###


You could see an orc warrior and an orc.

Vanquished Creatures
  Pikel (D:5)
  2 steam dragons (D:5)
  An ogre (D:5)
  3 elf zombies (D:4)
  A water moccasin zombie (Ossuary)
  2 scorpions
  An iguana (D:5)
  2 orc priests
  A gnoll shaman (D:4)
  2 human skeletons (D:4)
  A worker ant (D:5)
  3 big kobold zombies (Ossuary)
  A hound skeleton (D:4)
  A hound zombie (D:4)
  2 mummies (Ossuary)
  3 gnolls (D:4)
  3 adders
  4 adder zombies (Ossuary)
  A giant gecko (D:3)
  8 orcs
  5 bats
  A bat skeleton (D:4)
  9 giant cockroaches
  5 hobgoblins
  9 kobolds
  2 quokkas
  A giant gecko skeleton (D:5)
  5 giant newts
  2 gnoll zombies (Ossuary)
  9 goblins
  7 hobgoblin zombies (Ossuary)
  10 jackals
  An orc skeleton (D:4)
  3 orc zombies (Ossuary)
  5 rats
117 creatures vanquished.

Vanquished Creatures (others)
  2 crimson imps (D:5)
  An orc wizard (D:5)
  An orc (D:5)
4 creatures vanquished.

Grand Total: 121 creatures vanquished

Notes
Turn   | Place    | Note
--------------------------------------------------------------
     0 | D:1      | fcrawl, the Gargoyle Berserker, began the quest for the Orb.
     0 | D:1      | Reached XP level 1. HP: 14/14 MP: 1/1
    35 | D:1      | Huge Dmg: 3 Dmg
    36 | D:1      | Huge Dmg: 4 Dmg
   532 | D:1      | Reached XP level 2. HP: 16/19 MP: 2/2
  1110 | D:2      | Acquired Trog's second power
  1224 | D:2      | Found a basalt altar of Yredelemnul.
  1224 | D:2      | Found a sacrificial altar of Ru.
  1238 | D:2      | Reached skill level 4 in Maces & Flails
  1244 | D:2      | Reached XP level 3. HP: 20/23 MP: 3/3
  1256 | D:2      | Found a radiant altar of Vehumet.
  1258 | D:2      | Found a burning altar of Makhleb.
  1334 | D:2      | Found a stormy altar of Qazlal.
  1392 | D:2      | Found a blossoming altar of Fedhas.
  2155 | D:3      | Huge Dmg: 6 Dmg
  2155 | D:3      | Reached XP level 4. HP: 15/28 MP: 4/4
  2460 | D:4      | Found Zyphe's Book Shop.
  2531 | D:4      | Huge Dmg: 9 Dmg
  2533 | D:4      | Huge Dmg: 4 Dmg
  2534 | D:4      | Huge Dmg: 13 Dmg
  2536 | D:4      | Reached skill level 5 in Maces & Flails
  2643 | D:4      | Huge Dmg: 5 Dmg
  2645 | D:4      | Huge Dmg: 6 Dmg
  2646 | D:4      | Reached skill level 6 in Maces & Flails
  2646 | D:4      | Reached XP level 5. HP: 10/32 MP: 5/5
  3055 | D:4      | Reached XP level 6. HP: 21/37 MP: 6/6
  3084 | D:4      | Huge Dmg: 4 Dmg
  3097 | D:4      | Reached skill level 7 in Maces & Flails
  3101 | D:4      | Found a sand-covered staircase.
  3132 | Ossuary  | Entered an ossuary
  3224 | Ossuary  | Reached XP level 7. HP: 26/41 MP: 7/7
  3282 | Ossuary  | Reached skill level 8 in Maces & Flails
  3535 | Ossuary  | Huge Dmg: 12 Dmg
  3702 | D:4      | Found a staircase to the Ecumenical Temple.
  3771 | D:4      | Huge Dmg: 17 Dmg
  4063 | D:5      | Entered Level 5 of the Dungeon
  4423 | D:5      | Noticed Pikel
  4443 | D:5      | Killed Pikel
  4443 | D:5      | Reached skill level 5 in Fighting
  4443 | D:5      | Reached XP level 8. HP: 35/49 MP: 8/8
  4448 | D:5      | Huge Dmg: 11 Dmg
  4458 | D:5      | Reached skill level 9 in Maces & Flails
  4605 | D:5      | Huge Dmg: 17 Dmg
  4630 | D:5      | Huge Dmg: 11 Dmg
  4630 | D:5      | Reached skill level 5 in Armour
  4684 | D:5      | Noticed a steam dragon
  4687 | D:5      | Noticed a steam dragon
  4696 | D:5      | Huge Dmg: 9 Dmg
  4703 | D:5      | Killed a steam dragon
  4707 | D:5      | Huge Dmg: 7 Dmg
  4709 | D:5      | Killed a steam dragon
  4711 | D:5      | Huge Dmg: 6 Dmg
  5174 | D:6      | Reached XP level 9. HP: 53/55 MP: 9/9
  5304 | D:6      | Huge Dmg: 15 Dmg
  5308 | D:6      | Huge Dmg: 19 Dmg
  5309 | D:6      | Quit the game

Action                   |  1- 3 |  4- 6 |  7- 9 || total
-------------------------+-------+-------+-------++-------
Melee: Mace              |   153 |   203 |   301 ||   657
Invok: Trog's Hand       |       |     2 |     1 ||     3
       Berserk           |       |       |     3 ||     3
  Eat: Chunk             |     1 |     1 |     9 ||    11
       Meat ration       |     1 |       |       ||     1
       Beef jerky        |       |       |     1 ||     1

Vault maps used:
D:1:      saegor_arrival_simple_a, serial_bayou_lagoon_a, hex_tiny, minivault_14
D:2:      grunt_temple_overflow_open, fedhas_altar_1, lemuel_doored_altar,
          corexii_leaking_fountain
D:4:      minmay_temple_entry_enclosed_plants, nicolae_ossuary_entry_catacombs,
          serial_shops, shop
D:5:      kennysheep_steamy, first_bread, minmay_crystal_water, uniq_pikel
D:6:      nicolae_whirlpool, okawaru_metal_pillars_3, gup_sewer_entry_bubbles
Ossuary:  ossuary_tomb_2
